 Dungeon Crawl Stone Soup version 0.29.0-4-gdea44cf6ec (webtiles) character file.

Game seed: 15623383027713584236

23608 qw the Brawler (level 13, -18/111 HPs)
             Began as a Ghoul Fire Elementalist on Aug 30, 2022.
             Was a High Priest of Okawaru.
             Killed from afar by an oklob plant (24 damage)
             ... with a splash of acid
             ... on level 3 of the Lair of Beasts.
             The game lasted 00:08:55 (13429 turns).

qw the Brawler (Ghoul Fire Elementalist)           Turns: 13429, Time: 00:08:55

Health: -18/111    AC:  9    Str: 17    XL:     13   Next: 7%
Magic:  13/19      EV:  7    Int: 10    God:    Okawaru [*****.]
Gold:   963        SH:  6    Dex:  9    Spells: 14/15 levels left

rFire   . . .      SeeInvis .     - Unarmed
rCold   + . .      Faith    .   h - +0 buckler
rNeg    + + +      Spirit   .   m - +0 plate armour
rPois   inf        Reflect  .   d - +0 helmet
rElec   .          Harm     .   a - +0 cloak {rPois}
rCorr   .          Rampage  .   n - +2 pair of gloves
Will    .....                   e - +2 pair of boots
Stlth   ..........              (no amulet)
HPRegen 0.00/turn               j - +4 ring of slaying {mikee}
MPRegen 0.16/turn               (no ring)

@: heroic, finesse-ful, corroded, inhibited regen
A: claws 1, cold resistance 1, negative energy resistance 3, inhibited
regeneration, torment resistance 2, devour on kill
a: Renounce Religion, Heroism, Finesse, Duel


You were on level 3 of the Lair of Beasts.
You worshipped Okawaru.
Okawaru was extremely pleased with you.
You visited 3 branches of the dungeon, and saw 13 of its levels.

You collected 963 gold pieces.


Innate Abilities, Weirdness & Mutations

You are immune to poison.
You have sharp fingernails.
Your flesh is cold resistant. (rC+)
You are immune to negative energy. (rN+++)
You do not regenerate when monsters are visible.
You are immune to unholy pain and torment.
You thrive by killing the living.


   Skills:
 - Level 9.0(14.0) Fighting
 - Level 4.1(9.1) Throwing
 - Level 7.0(12.0) Armour
 - Level 1.7(6.7) Dodging
 - Level 2.1(7.1) Stealth
 - Level 4.2(9.2) Shields
 + Level 15.8(20.8) Unarmed Combat
 - Level 1.7 Spellcasting
 - Level 0.7 Conjurations
 - Level 2.4 Fire Magic
 - Level 10.0 Invocations


You had 14 spell levels left.
You knew the following spells:

 Your Spells              Type           Power      Damage    Failure   Level
a - Foxfire               Conj/Fire      16%        2x1d4     99%         1

Your spell library contained the following spells:

 Spells                   Type           Power      Damage    Failure   Level
 Scorch                   Fire           10%        2d5       99%         2
 Conjure Flame            Conj/Fire      4%         6-21      100%        3
 Inner Flame              Hex/Fire       3%         N/A       100%        3
 Flame Wave               Conj/Fire      4%         2d5       100%        4

Inventory:

Missiles
 b - 9 boomerangs
 q - a silver javelin (quivered)
 t - a javelin
Armour
 a - a +0 cloak of poison resistance (worn)
 d - a +0 helmet (worn)
 e - a +2 pair of boots (worn)
 h - a +0 buckler (worn)
 m - a +0 plate armour (worn)
 n - a +2 pair of gloves (worn)
 o - the +1 hat "Saselog" {rC- rN+ Dex+3}
   (Okawaru gifted it to you on level 3 of the Lair of Beasts)

   Dex:       It affects your dexterity (+3).
   rC:        It makes you vulnerable to cold.
   rN:        It protects you from negative energy.
Jewellery
 j - a +4 ring of slaying (left hand) {mikee}
Scrolls
 c - a scroll of enchant weapon
 r - 2 scrolls of identify
 s - 2 scrolls of brand weapon
 u - a scroll of enchant armour {unknown}
Potions
 f - a potion of resistance
 g - a potion of mutation
 i - a potion of heal wounds
 k - 2 potions of haste
 l - a potion of magic

Dungeon Overview and Level Annotations

Branches:
Dungeon (9/15)             Temple (1/1) D:4            Lair (3/5) D:9
  Swamp (0/4) Lair:3        Snake (0/4) Lair:3
    Orc: D:9-12

Altars:
Ashenzari
Cheibriados
Dithmenos
Fedhas
Gozag
Hepliaklqana
Kikubaaqudgha
Makhleb
Okawaru
Qazlal
Ru
Sif Muna
Trog
Uskayaw
Vehumet
Wu Jian
Xom
Yredelemnul

Annotations:
D:7 1 runed translucent door, Crazy Yiuf


Message History

There is an open door here.
There is an open door here.
The water moccasin hisses angrily.
Throw: 2 javelins (silver)
Press: ? - help, Q - select action, (/) - cycle Shift-Dir - straight line, f - water moccasin You throw a silver javelin.
The silver javelin pierces through the water moccasin!
The water moccasin is heavily wounded.
Throw: javelin (silver)
Press: ? - help, Q - select action, (/) - cycle Shift-Dir - straight line, f/p - water moccasin You throw a silver javelin.
The silver javelin pierces through the water moccasin!
You kill the water moccasin!
Okawaru accepts your kill.
You see here a water moccasin corpse.
q - a silver javelin
Things that are here:
a +0 long sword; a +0 robe
13424 ||| INVOKING Heroism.
You gain the combat prowess of a mighty hero.
13425 ||| INVOKING Finesse.
You can now deal lightning-fast blows.
The oklob plant spits acid at you. The splash of acid hits you!
The acid corrodes you!
Found a plate armour and a spear.
The oklob plant spits acid at you. The splash of acid hits you!
The oklob plant spits acid at you. The splash of acid misses you.
The oklob plant spits acid at you. The splash of acid hits you!!
The oklob plant spits acid at you. The splash of acid hits you!
The acid corrodes you! The oklob plant spits acid at you.
The splash of acid hits you! The acid corrodes you!
The oklob plant spits acid at you. The splash of acid hits you!!
The acid corrodes you! The oklob plant spits acid at you.
The splash of acid hits you!!
You die...

......).# ........##
...[...... #...........##
.............# ####
#............#######..####
#....PPPP......##........#
#.........@....###.......##
#.......P...#..###......'.#
#.....P.....#.##.#.........
#................'.....P..#
..............#.#........##
.......)......####......##
...........#### #.#.##..#
.........!.# #.##...##
#.##+.....## ###......#


You could see 3 oklob plants.

Vanquished Creatures
  A hydra (Lair:1)
  A boulder beetle (Lair:1)
  A swamp dragon (Lair:3)
  Pikel (D:8)
  5 elephants (Lair:3)
  A black mamba (Lair:2)
  7 cane toads
  A rime drake (Lair:3)
  8 komodo dragons
  2 burning bushes (Lair:2)
  A troll (D:9)
  11 blink frogs
  Prince Ribbit (D:7)
  43 yaks
  3 basilisks
  3 steam dragons
  2 nagas (Lair:3)
  12 water moccasins
  3 ice beasts
  2 sky beasts
  3 black bears
  3 ogres (D:5)
  3 wolves (Lair:3)
  3 centaurs
  A lemure (D:8)
  A kobold brigand (D:6)
  A necrophage (D:5)
  7 bullfrogs
  2 gnoll sergeants
  3 scorpions (D:5)
  5 wights (D:9)
  13 howler monkeys
  2 jellies
  An orc priest (D:8)
  4 hounds
  6 iguanas
  Ijyb (D:5)
  3 orc wizards
  2 hell rats (Lair:1)
  Robin (D:4)
  8 gnolls
  5 adders
  7 river rats (Lair:1)
  A shadow imp (D:5)
  A white imp (D:7)
  4 worms
  2 dart slugs
  20 orcs
  6 bats
  5 endoplasms
  4 giant cockroaches
  12 goblins
  10 hobgoblins
  4 quokkas
  4 ball pythons
  9 kobolds
  7 rats
283 creatures vanquished.

Vanquished Creatures (others)
  20 fungi
  39 plants
59 creatures vanquished.

Grand Total: 342 creatures vanquished

Notes
Turn   | Place    | Note
-------+----------+-------------------------------------------
     0 | D:1      | qw the Ghoul Fire Elementalist began the quest for the Orb.
     0 | D:1      | Reached XP level 1. HP: 14/14 MP: 2/2
     0 | D:1      | 0 ||| qw: Version: 0.1-a-90-g952f4b7
     0 | D:1      | 0 ||| qw: Game counter: 4342
     0 | D:1      | 0 ||| qw: Always use a shield: true
     0 | D:1      | 0 ||| qw: God list: Okawaru
     0 | D:1      | 0 ||| qw: Allow faded altars: false
     0 | D:1      | 0 ||| qw: Do Orc after D:15 true
     0 | D:1      | 0 ||| qw: Do second Lair branch before Depths: true
     0 | D:1      | 0 ||| qw: Lair rune preference: random
     0 | D:1      | 0 ||| qw: Plans: Normal
     0 | D:1      | 0 ||| PLANNING D:1-11
   216 | D:1      | Reached skill level 1 in Unarmed Combat
   464 | D:1      | Reached skill level 1 in Fighting
   464 | D:1      | Reached XP level 2. HP: 23/23 MP: 3/3
   782 | D:1      | Reached skill level 2 in Unarmed Combat
   904 | D:1      | Found a faded altar of an unknown god.
  1145 | D:1      | 1145 ||| UPGRADING to +0 helmet.
  1150 | D:1      | 1150 ||| UPGRADING to +0 leather armour.
  1160 | D:1      | 1160 ||| DROPPING +0 robe.
  1161 | D:1      | 1161 ||| UPGRADING to +0 ring mail.
  1171 | D:1      | 1171 ||| DROPPING +0 leather armour.
  1172 | D:1      | 1172 ||| UPGRADING to +0 plate armour.
  1182 | D:1      | 1182 ||| DROPPING +0 ring mail.
  1183 | D:1      | 1183 ||| READING scroll labelled TYSTRA ZOETTA.
  1184 | D:1      | 1184 ||| READING scroll labelled DOTUBU YLECH.
  1185 | D:1      | 1185 ||| READING scroll labelled JEFEAT JAOGH.
  1186 | D:1      | 1186 ||| DRINKING 2 green potions.
  1187 | D:1      | 1187 ||| DRINKING 2 glowing blue potions.
  1188 | D:1      | 1188 ||| DROPPING potion of magic.
  1273 | D:2      | Reached XP level 3. HP: 19/28 MP: 4/4
  1751 | D:2      | Reached skill level 3 in Unarmed Combat
  1875 | D:2      | Found a basalt altar of Yredelemnul.
  1980 | D:2      | 1980 ||| Stepping ~*~*~tactically~*~*~ (hiding).
  1990 | D:2      | Reached XP level 4. HP: 35/35 MP: 5/5
  2053 | D:2      | 2053 ||| UPGRADING to +2 pair of boots.
  2058 | D:2      | 2058 ||| DROPPING amulet of magic regeneration.
  2059 | D:2      | 2059 ||| READING 2 scrolls labelled QODOCR XYKKEECH.
  2060 | D:2      | 2060 ||| DRINKING 2 murky green potions.
  2061 | D:2      | 2061 ||| DROPPING potion of invisibility.
  2062 | D:2      | 2062 ||| DROPPING scroll of magic mapping.
  2131 | D:3      | Reached skill level 1 in Armour
  2214 | D:3      | 2214 ||| Stepping ~*~*~tactically~*~*~ (outnumbered).
  2471 | D:3      | Found a hide-covered altar of Uskayaw.
  2614 | D:3      | 2614 ||| UPGRADING to +4 ring of slaying {mikee}.
  2615 | D:3      | 2615 ||| READING scroll labelled HYUPTO GIBYI.
  2616 | D:3      | 2616 ||| READING scroll labelled XONIOMNUOR.
  2678 | D:3      | 2678 ||| Stepping randomly (stuck).
  2725 | D:4      | Found a staircase to the Ecumenical Temple.
  2726 | D:4      | 2726 ||| PLANNING TEMPLE
  2726 | D:4      | 2726 ||| UPGRADING to +0 cloak of poison resistance.
  2732 | D:4      | 2732 ||| Stepping ~*~*~tactically~*~*~ (stealth).
  2738 | D:4      | Reached skill level 4 in Unarmed Combat
  2790 | D:4      | Reached XP level 5. HP: 41/42 MP: 6/6
  2795 | Temple   | Entered the Ecumenical Temple
  2809 | Temple   | Became a worshipper of Warmaster Okawaru
  2829 | Temple   | 2829 ||| PLANNING D:1-11
  3135 | D:4      | Noticed Robin
  3140 | D:4      | 3140 ||| Stepping ~*~*~tactically~*~*~ (outnumbered).
  3141 | D:4      | 3141 ||| Stepping ~*~*~tactically~*~*~ (outnumbered).
  3142 | D:4      | 3142 ||| Stepping ~*~*~tactically~*~*~ (outnumbered).
  3143 | D:4      | 3143 ||| Stepping ~*~*~tactically~*~*~ (outnumbered).
  3145 | D:4      | 3145 ||| Stepping ~*~*~tactically~*~*~ (outnumbered).
  3146 | D:4      | 3146 ||| Stepping ~*~*~tactically~*~*~ (outnumbered).
  3147 | D:4      | 3147 ||| Stepping ~*~*~tactically~*~*~ (outnumbered).
  3149 | D:4      | 3149 ||| Stepping ~*~*~tactically~*~*~ (outnumbered).
  3151 | D:4      | 3151 ||| Stepping ~*~*~tactically~*~*~ (outnumbered).
  3152 | D:4      | 3152 ||| Stepping ~*~*~tactically~*~*~ (outnumbered).
  3173 | D:4      | Killed Robin
  3252 | D:4      | 3252 ||| FLEEEEING.
  3253 | D:4      | 3253 ||| FLEEEEING.
  3254 | D:4      | 3254 ||| FLEEEEING.
  3255 | D:4      | 3255 ||| FLEEEEING.
  3256 | D:4      | 3256 ||| FLEEEEING.
  3257 | D:4      | 3257 ||| FLEEEEING.
  3258 | D:4      | 3258 ||| FLEEEEING.
  3259 | D:4      | 3259 ||| FLEEEEING.
  3260 | D:4      | 3260 ||| FLEEEEING.
  3261 | D:4      | 3261 ||| STAIRDANCE
  3311 | D:3      | 3311 ||| READING scroll labelled BENURU OWOROSU.
  3590 | D:4      | Found a broken altar of Ashenzari.
  3628 | D:4      | 3628 ||| DROPPING orb of guile.
  3691 | D:3      | 3691 ||| READING scroll of teleportation.
  3721 | D:5      | Entered Level 5 of the Dungeon
  3775 | D:5      | Noticed Ijyb
  3776 | D:5      | 3776 ||| DRINKING 2 potions of curing.
  3776 | D:5      | 3776 ||| (to cure confusion)
  3782 | D:5      | Killed Ijyb
  3831 | D:5      | Reached skill level 5 in Unarmed Combat
  3831 | D:5      | Reached XP level 6. HP: 49/49 MP: 7/7
  3885 | D:5      | Found a bloodstained altar of Trog.
  3899 | D:5      | Noticed a black bear
  3911 | D:5      | Killed a black bear
  4028 | D:5      | Reached * piety under Okawaru
  4045 | D:5      | Reached skill level 1 in Invocations
  4045 | D:5      | Reached XP level 7. HP: 56/56 MP: 8/8
  4129 | D:5      | 4129 ||| Stepping ~*~*~tactically~*~*~ (hiding).
  4131 | D:5      | 4131 ||| INVOKING Heroism.
  4135 | D:5      | Reached skill level 6 in Unarmed Combat
  4315 | D:5      | Reached skill level 3 in Fighting
  4339 | D:5      | Reached skill level 3 in Invocations
  4357 | D:5      | 4357 ||| INVOKING Heroism.
  4389 | D:5      | Reached XP level 8. HP: 63/63 MP: 8/10
  4486 | D:5      | Reached skill level 7 in Unarmed Combat
  4508 | D:5      | 4508 ||| Stepping ~*~*~tactically~*~*~ (stealth).
  4510 | D:5      | 4510 ||| Stepping ~*~*~tactically~*~*~ (stealth).
  4594 | D:5      | Reached ** piety under Okawaru
  4608 | D:5      | 4608 ||| Stepping ~*~*~tactically~*~*~ (stealth).
  4609 | D:5      | 4609 ||| Stepping ~*~*~tactically~*~*~ (stealth).
  4610 | D:5      | 4610 ||| Stepping ~*~*~tactically~*~*~ (stealth).
  4740 | D:5      | 4740 ||| DROPPING ring of wizardry.
  4741 | D:5      | 4741 ||| READING scroll labelled XYNUSEI XEQU.
  4742 | D:5      | 4742 ||| READING 2 scrolls labelled AFETHU KOIFAXA.
  4743 | D:5      | 4743 ||| READING scroll labelled GUUFYN VIQA.
  4753 | D:5      | 4753 ||| INVOKING Heroism.
  4792 | D:6      | 4792 ||| INVOKING Heroism.
  4793 | D:6      | 4793 ||| Stepping ~*~*~tactically~*~*~ (cloud).
  4808 | D:6      | Reached skill level 8 in Unarmed Combat
  5035 | D:6      | 5035 ||| Stepping ~*~*~tactically~*~*~ (stealth).
  5038 | D:6      | 5038 ||| INVOKING Heroism.
  5042 | D:6      | Reached skill level 1 in Throwing
  5109 | D:6      | 5109 ||| Stepping ~*~*~tactically~*~*~ (stealth).
  5287 | D:6      | 5287 ||| INVOKING Heroism.
  5364 | D:6      | 5364 ||| INVOKING Heroism.
  5371 | D:6      | Reached skill level 3 in Armour
  5598 | D:6      | Found a radiant altar of Vehumet.
  5660 | D:6      | 5660 ||| READING scroll labelled EDORHINOECH.
  5864 | D:7      | Reached skill level 9 in Unarmed Combat
  5864 | D:7      | Reached XP level 9. HP: 71/71 MP: 11/11
  5919 | D:7      | 5919 ||| INVOKING Heroism.
  5924 | D:7      | 5924 ||| Stepping randomly (cloudy).
  5932 | D:7      | Noticed Prince Ribbit
  5936 | D:7      | Killed Prince Ribbit
  5936 | D:7      | Reached *** piety under Okawaru
  5937 | D:7      | Reached skill level 10 in Unarmed Combat
  5995 | D:7      | 5995 ||| Stepping ~*~*~tactically~*~*~ (stealth).
  5997 | D:7      | 5997 ||| Stepping ~*~*~tactically~*~*~ (stealth).
  6000 | D:7      | 6000 ||| Stepping ~*~*~tactically~*~*~ (stealth).
  6005 | D:7      | 6005 ||| Stepping ~*~*~tactically~*~*~ (stealth).
  6006 | D:7      | 6006 ||| Stepping ~*~*~tactically~*~*~ (stealth).
  6007 | D:7      | 6007 ||| Stepping ~*~*~tactically~*~*~ (stealth).
  6020 | D:7      | 6020 ||| INVOKING Heroism.
  6104 | D:7      | You fall into a shaft and drop 1 floor!
  6119 | D:8      | 6119 ||| INVOKING Heroism.
  6317 | D:8      | 6317 ||| Stepping ~*~*~tactically~*~*~ (hiding).
  6318 | D:8      | 6318 ||| Stepping ~*~*~tactically~*~*~ (hiding).
  6436 | D:8      | 6436 ||| READING 3 scrolls of identify.
  6436 | D:8      | 6436 ||| IDENTIFYING ruby potion
  6437 | D:8      | 6437 ||| READING 2 scrolls of identify.
  6437 | D:8      | 6437 ||| IDENTIFYING purple potion
  6438 | D:8      | 6438 ||| DROPPING potion of attraction.
  6443 | D:7      | Found a snail-covered altar of Cheibriados.
  6443 | D:7      | Found a hazy altar of Hepliaklqana.
  6496 | D:7      | Found a runed translucent door.
  6497 | D:7      | Noticed Crazy Yiuf
  6541 | D:7      | 6541 ||| Stepping ~*~*~tactically~*~*~ (hiding).
  6544 | D:7      | 6544 ||| INVOKING Heroism.
  6545 | D:7      | 6545 ||| Stepping ~*~*~tactically~*~*~ (outnumbered).
  6546 | D:7      | 6546 ||| Stepping ~*~*~tactically~*~*~ (outnumbered).
  6547 | D:7      | 6547 ||| Stepping ~*~*~tactically~*~*~ (outnumbered).
  6550 | D:7      | 6550 ||| Stepping ~*~*~tactically~*~*~ (outnumbered).
  6555 | D:7      | 6555 ||| Stepping ~*~*~tactically~*~*~ (outnumbered).
  6565 | D:7      | Reached skill level 6 in Fighting
  6862 | D:7      | 6862 ||| INVOKING Heroism.
  6870 | D:7      | 6870 ||| Stepping ~*~*~tactically~*~*~ (stealth).
  6879 | D:7      | 6879 ||| Stepping ~*~*~tactically~*~*~ (stealth).
  6892 | D:7      | 6892 ||| INVOKING Heroism.
  6893 | D:7      | 6893 ||| Stepping ~*~*~tactically~*~*~ (cloud).
  6897 | D:7      | 6897 ||| Stepping ~*~*~tactically~*~*~ (cloud).
  7134 | D:7      | 7134 ||| READING scroll labelled ROANUR DIKLOOWN.
  7135 | D:7      | 7135 ||| READING scroll labelled OMEGRIEFOG.
  7136 | D:7      | 7136 ||| DRINKING 2 dark potions.
  7185 | D:8      | 7185 ||| Stepping ~*~*~tactically~*~*~ (stealth).
  7187 | D:8      | 7187 ||| Stepping ~*~*~tactically~*~*~ (hiding).
  7231 | D:8      | 7231 ||| Stepping ~*~*~tactically~*~*~ (hiding).
  7237 | D:8      | 7237 ||| INVOKING Heroism.
  7242 | D:8      | Reached skill level 11 in Unarmed Combat
  7251 | D:8      | 7251 ||| Stepping ~*~*~tactically~*~*~ (stealth).
  7255 | D:8      | 7255 ||| Stepping ~*~*~tactically~*~*~ (stealth).
  7256 | D:8      | 7256 ||| Stepping ~*~*~tactically~*~*~ (stealth).
  7279 | D:8      | Noticed Pikel
  7280 | D:8      | 7280 ||| INVOKING Heroism.
  7281 | D:8      | 7281 ||| DRINKING 2 potions of curing.
  7281 | D:8      | 7281 ||| (to cure confusion)
  7287 | D:8      | Killed Pikel
  7287 | D:8      | Reached **** piety under Okawaru
  7288 | D:8      | Reached XP level 10. HP: 83/83 MP: 9/12
  7290 | D:8      | Reached skill level 12 in Unarmed Combat
  7353 | D:8      | Found an ornate altar of the Wu Jian Council.
  7358 | D:8      | 7358 ||| READING scroll labelled AKHAUR LAZUYW.
  7359 | D:8      | 7359 ||| READING scroll of teleportation.
  7360 | D:8      | 7360 ||| FLEEEEING.
  7671 | D:9      | 7671 ||| INVOKING Heroism.
  7808 | D:9      | 7808 ||| Stepping ~*~*~tactically~*~*~ (stealth).
  7825 | D:9      | 7825 ||| Stepping ~*~*~tactically~*~*~ (stealth).
  7829 | D:9      | Found a staircase to the Lair.
  7859 | D:9      | 7859 ||| Stepping ~*~*~tactically~*~*~ (stealth).
  7863 | D:9      | 7863 ||| Stepping ~*~*~tactically~*~*~ (stealth).
  7866 | D:9      | 7866 ||| INVOKING Heroism.
  7872 | D:9      | 7872 ||| Stepping ~*~*~tactically~*~*~ (outnumbered).
  7873 | D:9      | 7873 ||| STAIRDANCE
  7875 | D:8      | 7875 ||| Stepping ~*~*~tactically~*~*~ (outnumbered).
  7876 | D:8      | 7876 ||| Stepping ~*~*~tactically~*~*~ (outnumbered).
  7877 | D:8      | 7877 ||| Stepping ~*~*~tactically~*~*~ (outnumbered).
  7878 | D:8      | 7878 ||| Stepping ~*~*~tactically~*~*~ (outnumbered).
  7879 | D:8      | 7879 ||| Stepping ~*~*~tactically~*~*~ (outnumbered).
  7880 | D:8      | 7880 ||| Stepping ~*~*~tactically~*~*~ (outnumbered).
  7881 | D:8      | 7881 ||| Stepping ~*~*~tactically~*~*~ (outnumbered).
  7882 | D:8      | 7882 ||| Stepping ~*~*~tactically~*~*~ (outnumbered).
  7885 | D:8      | 7885 ||| Stepping ~*~*~tactically~*~*~ (outnumbered).
  8096 | D:8      | 8096 ||| DRINKING 2 white potions.
  8108 | D:9      | 8108 ||| STAIRDANCE
  8118 | D:8      | Reached skill level 6 in Invocations
  8155 | D:9      | 8155 ||| STAIRDANCE
  8161 | D:8      | 8161 ||| INVOKING Heroism.
  8165 | D:8      | Reached ***** piety under Okawaru
  8167 | D:8      | Received a gift from Okawaru
  8373 | D:9      | 8373 ||| INVOKING Heroism.
  8476 | D:9      | 8476 ||| INVOKING Heroism.
  8480 | D:9      | 8480 ||| Stepping ~*~*~tactically~*~*~ (outnumbered).
  8481 | D:9      | 8481 ||| DRINKING potion of curing.
  8481 | D:9      | 8481 ||| (to cure confusion)
  8489 | D:9      | 8489 ||| Stepping ~*~*~tactically~*~*~ (outnumbered).
  8491 | D:9      | 8491 ||| Stepping ~*~*~tactically~*~*~ (outnumbered).
  8492 | D:9      | 8492 ||| Stepping ~*~*~tactically~*~*~ (outnumbered).
  8749 | D:9      | 8749 ||| Stepping ~*~*~tactically~*~*~ (outnumbered).
  8817 | D:9      | 8817 ||| Stepping ~*~*~tactically~*~*~ (stealth).
  8820 | D:9      | 8820 ||| Stepping ~*~*~tactically~*~*~ (stealth).
  8826 | D:9      | 8826 ||| Stepping ~*~*~tactically~*~*~ (stealth).
  8838 | D:9      | Reached XP level 11. HP: 86/92 MP: 15/15
  8860 | D:9      | 8860 ||| Stepping ~*~*~tactically~*~*~ (stealth).
  8887 | D:9      | 8887 ||| INVOKING Heroism.
  9219 | D:9      | 9219 ||| PLANNING LAIR
  9219 | D:9      | 9219 ||| DROPPING amulet of faith.
  9220 | D:9      | 9220 ||| READING scroll labelled ACSEIM QAA.
  9221 | D:9      | 9221 ||| DRINKING 2 fizzy dark potions.
  9222 | D:9      | 9222 ||| DROPPING potion of lignification.
  9252 | Lair:1   | Entered Level 1 of the Lair of Beasts
  9263 | Lair:1   | 9263 ||| INVOKING Heroism.
  9273 | Lair:1   | Reached skill level 13 in Unarmed Combat
  9315 | Lair:1   | Noticed a seven-headed hydra
  9316 | Lair:1   | 9316 ||| Stepping ~*~*~tactically~*~*~ (stealth).
  9318 | Lair:1   | 9318 ||| INVOKING Finesse.
  9319 | Lair:1   | 9319 ||| INVOKING Finesse.
  9321 | Lair:1   | 9321 ||| INVOKING Heroism.
  9327 | Lair:1   | Killed a seven-headed hydra
  9328 | Lair:1   | Reached skill level 9 in Invocations
  9443 | Lair:1   | 9443 ||| INVOKING Heroism.
  9497 | Lair:1   | 9497 ||| Stepping ~*~*~tactically~*~*~ (stealth).
  9498 | Lair:1   | Noticed a boulder beetle
  9499 | Lair:1   | 9499 ||| INVOKING Heroism.
  9500 | Lair:1   | 9500 ||| INVOKING Finesse.
  9517 | Lair:1   | Killed a boulder beetle
  9517 | Lair:1   | Received a gift from Okawaru
  9676 | Lair:1   | 9676 ||| INVOKING Heroism.
  9740 | Lair:1   | 9740 ||| INVOKING Heroism.
  9825 | Lair:1   | 9825 ||| Stepping ~*~*~tactically~*~*~ (hiding).
  9829 | Lair:1   | 9829 ||| Stepping ~*~*~tactically~*~*~ (hiding).
  9831 | Lair:1   | 9831 ||| DRINKING potion of cancellation.
  9950 | Lair:1   | 9950 ||| INVOKING Heroism.
 10186 | Lair:1   | You fall into a shaft and drop 1 floor!
 10187 | Lair:2   | 10187 ||| INVOKING Heroism.
 10221 | Lair:2   | 10221 ||| Stepping ~*~*~tactically~*~*~ (outnumbered).
 10222 | Lair:2   | 10222 ||| Stepping ~*~*~tactically~*~*~ (outnumbered).
 10223 | Lair:2   | 10223 ||| Stepping ~*~*~tactically~*~*~ (outnumbered).
 10224 | Lair:2   | 10224 ||| Stepping ~*~*~tactically~*~*~ (outnumbered).
 10225 | Lair:2   | 10225 ||| Stepping ~*~*~tactically~*~*~ (outnumbered).
 10230 | Lair:2   | 10230 ||| INVOKING Heroism.
 10245 | Lair:2   | Reached skill level 14 in Unarmed Combat
 10326 | Lair:2   | 10326 ||| INVOKING Heroism.
 10336 | Lair:2   | 10336 ||| Stepping ~*~*~tactically~*~*~ (stealth).
 10391 | Lair:2   | 10391 ||| Stepping ~*~*~tactically~*~*~ (stealth).
 10392 | Lair:2   | 10392 ||| Stepping ~*~*~tactically~*~*~ (stealth).
 10407 | Lair:2   | 10407 ||| Stepping ~*~*~tactically~*~*~ (stealth).
 10416 | Lair:2   | 10416 ||| UPGRADING to +0 pair of gloves.
 10421 | Lair:2   | 10421 ||| READING 3 scrolls of identify.
 10421 | Lair:2   | 10421 ||| IDENTIFYING inky potion
 10422 | Lair:2   | 10422 ||| READING 2 scrolls of identify.
 10422 | Lair:2   | 10422 ||| IDENTIFYING bubbling yellow potion
 10423 | Lair:2   | 10423 ||| DROPPING potion of degeneration.
 10427 | Lair:2   | 10427 ||| INVOKING Heroism.
 10435 | Lair:2   | Reached XP level 12. HP: 82/102 MP: 16/18
 10724 | Lair:1   | 10724 ||| Stepping ~*~*~tactically~*~*~ (stealth).
 10726 | Lair:1   | 10726 ||| Stepping ~*~*~tactically~*~*~ (stealth).
 10731 | Lair:1   | 10731 ||| INVOKING Heroism.
 10733 | Lair:1   | Reached skill level 6 in Armour
 10740 | Lair:1   | 10740 ||| Stepping ~*~*~tactically~*~*~ (outnumbered).
 10742 | Lair:1   | 10742 ||| Stepping ~*~*~tactically~*~*~ (stealth).
 10747 | Lair:1   | 10747 ||| Stepping ~*~*~tactically~*~*~ (outnumbered).
 10748 | Lair:1   | 10748 ||| Stepping ~*~*~tactically~*~*~ (outnumbered).
 10873 | Lair:1   | 10873 ||| UPGRADING to +2 pair of gloves.
 10883 | Lair:1   | 10883 ||| DROPPING +0 pair of gloves.
 10952 | Lair:2   | 10952 ||| INVOKING Heroism.
 10974 | Lair:2   | 10974 ||| INVOKING Heroism.
 11239 | Lair:2   | 11239 ||| INVOKING Heroism.
 11246 | Lair:2   | Received a gift from Okawaru
 11247 | Lair:2   | 11247 ||| Stepping ~*~*~tactically~*~*~ (outnumbered).
 11248 | Lair:2   | 11248 ||| Stepping ~*~*~tactically~*~*~ (outnumbered).
 11249 | Lair:2   | 11249 ||| Stepping ~*~*~tactically~*~*~ (outnumbered).
 11250 | Lair:2   | 11250 ||| Stepping ~*~*~tactically~*~*~ (outnumbered).
 11259 | Lair:2   | Reached skill level 15 in Unarmed Combat
 11260 | Lair:2   | 11260 ||| Stepping ~*~*~tactically~*~*~ (outnumbered).
 11261 | Lair:2   | 11261 ||| Stepping ~*~*~tactically~*~*~ (outnumbered).
 11262 | Lair:2   | 11262 ||| Stepping ~*~*~tactically~*~*~ (outnumbered).
 11263 | Lair:2   | 11263 ||| Stepping ~*~*~tactically~*~*~ (outnumbered).
 11264 | Lair:2   | 11264 ||| Stepping ~*~*~tactically~*~*~ (outnumbered).
 11268 | Lair:2   | 11268 ||| Stepping ~*~*~tactically~*~*~ (outnumbered).
 11270 | Lair:2   | 11270 ||| Stepping ~*~*~tactically~*~*~ (outnumbered).
 11271 | Lair:2   | 11271 ||| Stepping ~*~*~tactically~*~*~ (outnumbered).
 11272 | Lair:2   | 11272 ||| Stepping ~*~*~tactically~*~*~ (outnumbered).
 11274 | Lair:2   | 11274 ||| Stepping ~*~*~tactically~*~*~ (outnumbered).
 11275 | Lair:2   | 11275 ||| Stepping ~*~*~tactically~*~*~ (outnumbered).
 11276 | Lair:2   | 11276 ||| Stepping ~*~*~tactically~*~*~ (outnumbered).
 11277 | Lair:2   | 11277 ||| Stepping ~*~*~tactically~*~*~ (outnumbered).
 11278 | Lair:2   | 11278 ||| Stepping ~*~*~tactically~*~*~ (outnumbered).
 11721 | Lair:2   | Received a gift from Okawaru
 11778 | Lair:2   | 11778 ||| UPGRADING to +0 buckler.
 11783 | Lair:2   | 11783 ||| READING scroll labelled KEISANKAOS.
 11784 | Lair:2   | 11784 ||| DRINKING 2 glowing emerald potions.
 11785 | Lair:2   | 11785 ||| DROPPING potion of berserk rage.
 11829 | Lair:3   | 11829 ||| INVOKING Heroism.
 11843 | Lair:3   | Reached skill level 1 in Shields
 11906 | Lair:3   | 11906 ||| Stepping ~*~*~tactically~*~*~ (stealth).
 11961 | Lair:3   | Found a staircase to the Snake Pit.
 11962 | Lair:3   | 11962 ||| Stepping ~*~*~tactically~*~*~ (hiding).
 11965 | Lair:3   | 11965 ||| Stepping ~*~*~tactically~*~*~ (stealth).
 11980 | Lair:3   | Reached skill level 3 in Throwing
 12122 | Lair:3   | 12122 ||| INVOKING Heroism.
 12123 | Lair:3   | 12123 ||| Stepping ~*~*~tactically~*~*~ (outnumbered).
 12124 | Lair:3   | 12124 ||| Stepping ~*~*~tactically~*~*~ (outnumbered).
 12125 | Lair:3   | 12125 ||| Stepping ~*~*~tactically~*~*~ (outnumbered).
 12126 | Lair:3   | 12126 ||| Stepping ~*~*~tactically~*~*~ (outnumbered).
 12127 | Lair:3   | 12127 ||| Stepping ~*~*~tactically~*~*~ (outnumbered).
 12128 | Lair:3   | 12128 ||| Stepping ~*~*~tactically~*~*~ (outnumbered).
 12143 | Lair:3   | Reached skill level 3 in Shields
 12159 | Lair:3   | 12159 ||| INVOKING Heroism.
 12546 | Lair:3   | 12546 ||| INVOKING Heroism.
 12558 | Lair:3   | Reached skill level 9 in Fighting
 12569 | Lair:3   | Received a gift from Okawaru
 12606 | Lair:3   | Found a staircase to the Swamp.
 12612 | Lair:3   | 12612 ||| Stepping ~*~*~tactically~*~*~ (stealth).
 12613 | Lair:3   | 12613 ||| Stepping ~*~*~tactically~*~*~ (stealth).
 12624 | Lair:3   | Identified the +1 hat "Saselog" {rC- rN+ Dex+3} (Okawaru
                  | gifted it to you on level 3 of the Lair of Beasts)
 12624 | Lair:3   | Received a gift from Okawaru
 12651 | Lair:3   | 12651 ||| Stepping ~*~*~tactically~*~*~ (stealth).
 12655 | Lair:3   | 12655 ||| Stepping ~*~*~tactically~*~*~ (stealth).
 12657 | Lair:3   | 12657 ||| INVOKING Heroism.
 12707 | Lair:3   | 12707 ||| Stepping ~*~*~tactically~*~*~ (stealth).
 12713 | Lair:3   | 12713 ||| Stepping ~*~*~tactically~*~*~ (stealth).
 12743 | Lair:3   | 12743 ||| INVOKING Heroism.
 12761 | Lair:3   | Reached XP level 13. HP: 111/111 MP: 19/19
 12814 | Lair:3   | 12814 ||| INVOKING Heroism.
 12826 | Lair:3   | 12826 ||| Stepping ~*~*~tactically~*~*~ (stealth).
 12827 | Lair:3   | 12827 ||| Stepping ~*~*~tactically~*~*~ (stealth).
 12929 | Lair:3   | 12929 ||| INVOKING Heroism.
 12930 | Lair:3   | 12930 ||| INVOKING Finesse.
 12936 | Lair:3   | 12936 ||| READING scroll of teleportation.
 12942 | Lair:3   | HP: 25/111 [oklob plant/splash of acid (25)]
 12943 | Lair:3   | 12943 ||| DRINKING 3 potions of heal wounds.
 12944 | Lair:3   | 12944 ||| DRINKING 2 potions of heal wounds.
 13047 | Lair:3   | 13047 ||| INVOKING Heroism.
 13277 | Lair:3   | 13277 ||| INVOKING Heroism.
 13424 | Lair:3   | 13424 ||| INVOKING Heroism.
 13425 | Lair:3   | 13425 ||| INVOKING Finesse.
 13429 | Lair:3   | HP: 6/111 [oklob plant/splash of acid (24)]
 13429 | Lair:3   | Killed from afar by an oklob plant

Levels and vault maps discovered:
D:1:      dpeg_arrival_castle, layout_basic,
          hellmonk_ecumenical_altar_inner_sanctum, serial_bayou,
          serial_bayou_pond_d, serial_bayou_crossing, serial_bayou_shore_a,
          serial_bayou_pond_c
D:2:      layout_loops_cross, basic_altar
D:3:      layout_rooms, lemuel_crystal_altar, nicolae_overflow_hidden_temple,
          amcnicky_mini_pool_small, minmay_misc_feat_more_columns
D:4:      layout_gridville, lemuel_crystal_altar, minmay_temple_entry_arrows,
          uniq_robin
D:5:      layout_loops_ring, mainiacjoe_overflow_24_doors, uniq_ijyb
D:6:      layout_basic, lemuel_round_altar
D:7:      layout_loops_ring, chequers_temple_overflow_statue_of_worship,
          st_stairs_5, uniq_prince_ribbit1, uniq_crazy_yiuf_cottage
D:8:      layout_loops_ring, mainiacjoe_overflow_chevrons, uniq_pikel
D:9:      layout_rooms, dpeg_oklobed_lair, patterned_corridor
Temple:   nicolae_temple_ecumenical_triangle
Lair:1:   layout_misc_corridors, kennysheep_rathole, lemuel_fruit_fields,
          grunt_megastairs_3
Lair:2:   layout_gridlike, evilmike_ambush [evilmike_ambush_outer_basic,
          evilmike_ambush_inner_basic], lemuel_fruit_tree, grunt_megastairs_2,
          lemuel_fruit_fields
Lair:3:   layout_roguey, minmay_swamp_entry_reptiles,
          guppyfry_snake_entry_garden, st_stairs_5, dpeg_oklob_1

Skill      XL: |  1  2  3  4  5  6  7  8  9 10 11 12 |
---------------+-------------------------------------+-----
Unarmed Combat | 1 2 3 4 5 6 9 11 12 14 15 | 15.8
Fighting       | 1 2 3 4 6 7 8 9 |  9.0
Armour         | 1 2 3 4 5 7 |  7.0
Invocations    | 1 4 7 10 | 10.0
Throwing       | 1 2 4 |  4.1
Shields        | 4 |  4.2
Dodging        | |  1.7
Stealth        | |  2.1
Spellcasting   | |  1.7
Conjurations   | |  0.7
Fire Magic     | |  2.4

Action                   |  1- 3 |  4- 6 |  7- 9 | 10-12 | 13-15 || total
-------------------------+-------+-------+-------+-------+-------++-------
Melee: Unarmed           |   131 |   141 |   170 |   458 |    11 ||   911
       Punch             |     1 |     3 |     6 |    33 |       ||    43
Throw: Boomerang         |       |    40 |    32 |    30 |     7 ||   109
       Javelin           |       |       |    31 |    49 |    16 ||    96
Invok: Heroism           |       |       |    15 |    27 |     5 ||    47
       Finesse           |       |       |       |     2 |     2 ||     4
  Use: Scroll            |     3 |     5 |     8 |     6 |     1 ||    23
       Potion            |     2 |     2 |     2 |     5 |     2 ||    13
Armor: Robe              |     5 |       |       |       |       ||     5
       Plate armour      |    58 |   105 |    96 |   258 |     1 ||   518
Dodge: Dodged            |    29 |    19 |    35 |    92 |     2 ||   177
Block: Buckler           |       |       |       |    24 |     1 ||    25

Table legend:
 A = Non-vault XP
 B = Vault XP
 C = Vault XP percentage of total XP
 D = Non-vault monster count
 E = Vault monster count
 F = Vault count percentage of total count
                 A         B        C        D         E       F
            +---------+---------+-------+---------+---------+-------
      Total |   27776 |    5951 |  17.6 |     240 |      42 |  14.9
            +---------+---------+-------+---------+---------+-------
        D:1 |      30 |       0 |   0.0 |      17 |       0 |   0.0
        D:2 |      52 |       0 |   0.0 |      19 |       0 |   0.0
        D:3 |      46 |       0 |   0.0 |      15 |       0 |   0.0
        D:4 |      77 |      36 |  31.9 |      12 |      12 |  50.0
        D:5 |    1291 |      36 |   2.7 |      19 |       1 |   5.0
        D:6 |     559 |       0 |   0.0 |      11 |       0 |   0.0
        D:7 |    1068 |     731 |  40.6 |      17 |       4 |  19.0
        D:8 |    1974 |     685 |  25.8 |      23 |       1 |   4.2
        D:9 |    3993 |       0 |   0.0 |      35 |       0 |   0.0
     Lair:1 |    3416 |    1835 |  34.9 |      11 |      13 |  54.2
     Lair:2 |    6301 |     746 |  10.6 |      26 |       3 |  10.3
     Lair:3 |    8969 |    1882 |  17.3 |      35 |       8 |  18.6
            +---------+---------+-------+---------+---------+-------
